 Dungeon Crawl Stone Soup version 0.25-a0-1113-g0499d652a8 (webtiles) character file.

Game seed: 7752031952501033619, levelgen mode: deterministic

262 Flugslaktarn the Chopper (level 5, 0/49 HPs)
             Began as a Deep Dwarf Fighter on May 16, 2020.
             Killed by divine providence
             ... invoked by an orc priest
              (7 damage)
             ... on level 4 of the Dungeon.
             The game lasted 00:00:41 (715 turns).

Flugslaktarn the Chopper (Deep Dwarf Fighter)        Turns: 715, Time: 00:00:43

Health: 0/49       AC:  9    Str: 20    XL:     5   Next: 97%
Magic:  5/5        EV:  7    Int:  9    God:
Gold:   55         SH:  9    Dex: 12    Spells: 4/4 levels left

rFire    . . .     SeeInvis .   a - +0 war axe
rCold    . . .     Gourm    .   c - +0 kite shield
rNeg     . . .     Faith    .   b - +0 scale mail
rPois    .         Spirit   .   k - +0 helmet "Qolup" {+Fly} (curse)
rElec    .         Reflect  .   (no cloak)
rCorr    .         Harm     .   (no gloves)
MR       .....                  i - +0 pair of boots
Stlth    ..........             (no amulet)
HPRegen  0.00/turn              (no ring)
MPRegen  0.09/turn              (no ring)

@: non-regenerating, slowed, very slow
A: damage resistance, heal wounds, sense surroundings 1, no regeneration
a: Heal Wounds, Evoke Flight


You were on level 4 of the Dungeon.
You were not hungry.

You visited 1 branch of the dungeon, and saw 4 of its levels.

You collected 55 gold pieces.

Inventory:

Hand Weapons
 a - a +0 war axe (weapon)
Armour
 b - a +0 scale mail (worn)
 c - a +0 kite shield (worn)
 i - a +0 pair of boots (worn)
   (You found it on level 2 of the Dungeon)
 k - the cursed +0 helmet "Qolup" (worn) {+Fly}
   (You took it off Robin on level 4 of the Dungeon)

   It lets you fly.
   It has a curse placed upon it.
 q - a +0 cloak
   (You found it on level 4 of the Dungeon)
Jewellery
 p - a cursed ring of teleportation {unknown}
   (You found it on level 4 of the Dungeon)
Scrolls
 h - a scroll of fear {unknown}
 m - 3 scrolls of identify {unknown}
 o - a scroll of noise {unknown}
Potions
 d - a potion of might
 g - a potion of flight {unknown}
 j - a potion of heal wounds {unknown}
 l - a potion of mutation {unknown}
 n - a potion of cancellation {unknown}
Comestibles
 e - 4 rations
 f - 4 chunks of flesh


   Skills:
 + Level 3.6 Fighting
 * Level 4.6 Axes
 + Level 4.3 Armour
 + Level 4.4 Shields


You had 4 spell levels left.
You didn't know any spells.
Your spell library was empty.

Dungeon Overview and Level Annotations

Branches:
Dungeon (4/15)
 Temple: D:4-7

Altars:


Innate Abilities, Weirdness & Mutations

You are resistant to damage.
You can heal yourself by infusing magical energy.
You passively map a small area around you.
You do not regenerate.


Message History

You are too injured to fight recklessly!
You are too injured to fight recklessly!
You are too injured to fight recklessly!
You are too injured to fight recklessly!
You are too injured to fight recklessly!
You are too injured to fight recklessly!
You are too injured to fight recklessly!
You fail to use your ability.
The orc shouts!
You block the orc wizard's attack. The orc warrior barely misses you.
You are too injured to fight recklessly!
You fail to use your ability.
The orc wizard hits you but does no damage.
The orc priest looks encouraged for a moment.
You block the orc warrior's attack.
The orc wizard gestures at you while chanting.
You feel yourself slow down.
The orc priest mumbles some strange prayers to Beogh against you.
Beogh smites you!
You die...

##.........####.#*
.#. ###........# #.#
, * , #.
#..........# #.# ,.
, #.
###.......#####.#o..
, #.
#........##.....o.$
#. ##..........)# *
*#. ##.......oo##.#
* ,#.
#..##....o...#*
**#...
#...###@##...#* ###.
#...#......#o...
....
##.#.......#..##,
,##.. ###.....###
..., , .... ##.#.##
... .... ##....,
,*#.. .... * ...<..,
, #..* , #.....# *
.. .....#, ,


You could see an orc warrior, an orc priest and an orc wizard.

Vanquished Creatures
  A scorpion (D:4)
  A hound (D:4)
  Natasha (thrice) (D:4)
  Robin (D:4)
  6 adders
  A dart slug (D:1)
  2 leopard geckos
  4 orcs
  3 bats
  A giant cockroach (D:2)
  6 hobgoblins
  A frilled lizard (D:3)
  8 goblins
  A jackal skeleton (D:4)
  4 rats
43 creatures vanquished.

Notes
Turn   | Place    | Note
-------+----------+-------------------------------------------
     0 | D:1      | Flugslaktarn the Deep Dwarf Fighter began the quest for the
                  | Orb.
     0 | D:1      | Reached XP level 1. HP: 20/20 MP: 1/1
    45 | D:1      | Reached XP level 2. HP: 27/27 MP: 2/2
   270 | D:2      | Reached XP level 3. HP: 31/33 MP: 3/3
   397 | D:4      | Identified the cursed +0 helmet "Qolup" {+Fly}
   397 | D:4      | Noticed Robin
   401 | D:4      | Noticed Natasha
   414 | D:4      | Killed Natasha
   414 | D:4      | Reached XP level 4. HP: 42/42 MP: 4/4
   415 | D:4      | Noticed Natasha
   422 | D:4      | Killed Robin
   425 | D:4      | Killed Natasha
   425 | D:4      | Reached XP level 5. HP: 43/49 MP: 5/5
   443 | D:4      | Noticed Natasha
   454 | D:4      | Killed Natasha
   699 | D:4      | Noticed an orc warrior
   715 | D:4      | Killed from afar by an orc priest

Illustrated notes

Levels and vault maps discovered:
D:1:      giann_horns, layout_basic, minmay_misc_feat_square
D:2:      layout_loops_corners, serial_forest, infiniplex_forest_lined_corner,
          infiniplex_forest_lined_3_way, infiniplex_forest_lined_2,
          infiniplex_forest_lined_room_, infiniplex_forest_end_2,
          infiniplex_forest_lined_3, infiniplex_forest_clump_medium,
          infiniplex_forest_clump_large
D:3:      layout_rooms, portal_sewer_entry_b
D:4:      layout_cave_pools, guppyfry_early_orc_mine, uniq_robin, uniq_natasha,
          uniq_crazy_yiuf_cottage

Skill      XL: |  1  2  3  4 |
---------------+-------------+-----
Axes           | 3 4 |  4.6
Fighting       | 3 |  3.6
Shields        | 4 |  4.4
Armour         | 4 |  4.3

Action                   |  1- 3 |  4- 6 || total
-------------------------+-------+-------++-------
Melee: War axe           |    82 |    53 ||   135
 Abil: Heal Wounds       |     2 |       ||     2
Armor: Scale mail        |    71 |    27 ||    98
Dodge: Dodged            |    46 |    16 ||    62
Block: Kite shield       |    59 |    30 ||    89

Table legend:
 A = Non-vault XP
 B = Vault XP
 C = Vault XP percentage of total XP
 D = Non-vault monster count
 E = Vault monster count
 F = Vault count percentage of total count
                 A         B        C        D         E       F
            +---------+---------+-------+---------+---------+-------
      Total |     303 |      72 |  19.2 |      30 |      13 |  30.2
            +---------+---------+-------+---------+---------+-------
        D:1 |      14 |       0 |   0.0 |       6 |       0 |   0.0
        D:2 |      33 |       0 |   0.0 |       6 |       0 |   0.0
        D:3 |      28 |       0 |   0.0 |       9 |       0 |   0.0
        D:4 |     228 |      72 |  24.0 |       9 |      13 |  59.1
            +---------+---------+-------+---------+---------+-------
